 Dungeon Crawl Stone Soup version 0.29-a0-575-g0dc89cf053 (webtiles) character file.

Game seed: 7938198539750459839

14760 Pooter the Cleaver (level 11, 0/151 HPs)
             Began as a Minotaur Berserker on June 13, 2022.
             Was an Elder of Trog.
             Slain by a six-headed hydra (8 damage)
             ... on level 11 of the Dungeon.
             The game lasted 01:01:46 (9539 turns).

Pooter the Cleaver (Minotaur Berserker)             Turns: 9539, Time: 01:01:47

Health: 0/151      AC: 12    Str: 27    XL:     11   Next: 92%
Magic:  10/10      EV:  8    Int:  6    God:    Trog [****..]
Gold:   2065       SH:  0    Dex: 16    Spells: 10/10 levels left

rFire   . . .      SeeInvis +   i - +10 rapier "Lifebane" {vorpal, Str+3 Dex+6}
rCold   . . .      Faith    .   (no shield)
rNeg    . . .      Spirit   .   I - +0 plate armour
rPois   .          Reflect  .   (helmet restricted)
rElec   .          Harm     .   (no cloak)
rCorr   .          Rampage  .   P - +0 pair of gloves
Will    .....                   (no boots)
Stlth   ..........              V - amulet of regeneration
HPRegen 1.15/turn               S - ring of see invisible
MPRegen 0.12/turn               (no ring)

@: berserking, very quick
A: horns 2, retaliatory headbutt
a: Renounce Religion, Berserk, Trog's Hand, Brothers in Arms


You were on level 11 of the Dungeon.
You worshipped Trog.
Trog was greatly pleased with you.
You visited 1 branch of the dungeon, and saw 11 of its levels.
You also visited: Sewer and Bailey.

You collected 2833 gold pieces.
You spent 768 gold pieces at shops.

Inventory:

Hand Weapons
 a - the +5 war axe of Defiance {vorpal, rElec Will+ rCorr}
   (You found it on level 3 of the Dungeon)

   It inflicts extra damage upon your enemies.
   rElec:     It insulates you from electricity.
   rCorr:     It protects you from acid and corrosion.
   Will:      It increases your willpower.
 b - the +5 hunting sling of Eternal Vigilance {vorpal, rC- rCorr Int+4}
   (You found it on level 7 of the Dungeon)

   Any ammunition fired from it inflicts extra damage upon your enemies.
   Int:       It affects your intelligence (+4).
   rC:        It makes you vulnerable to cold.
   rCorr:     It protects you from acid and corrosion.
 i - the +10 rapier "Lifebane" (weapon) {vorpal, Str+3 Dex+6}
   (You found it on level 11 of the Dungeon)

   It inflicts extra damage upon your enemies.
   Str:       It affects your strength (+3).
   Dex:       It affects your dexterity (+6).
 G - a +1 broad axe of freezing
   (You found it on level 6 of the Dungeon)
 O - a +1 scimitar of flaming
   (You took it off Maggie on level 8 of the Dungeon)
 U - a +0 demon trident of venom
   (You found it on level 11 of the Dungeon)
Missiles
 j - 40 poisoned darts
 l - 2 silver boomerangs
 y - 6 boomerangs (quivered)
 J - 3 boomerangs of dispersal {!f}
 N - 4 curare-tipped darts
 Q - 324 stones
Armour
 I - a +0 plate armour (worn)
   (You took it off a vault guard in a bailey)
 P - a +0 pair of gloves (worn)
   (You found it on level 8 of the Dungeon)
Jewellery
 r - a ring of fire
   (You found it on level 3 of the Dungeon)
 C - a ring of resist corrosion
   (You found it on level 8 of the Dungeon)
 S - a ring of see invisible (left hand)
   (You found it on level 3 of the Dungeon)
 V - an amulet of regeneration (around neck)
   (You found it on level 1 of the Dungeon)
Wands
 d - a wand of iceblast (2)
   (You found it on level 3 of the Dungeon)
 f - a wand of flame (14)
   (You took it off Duvessa on level 4 of the Dungeon)
 u - a wand of paralysis (5)
   (You took it off Pikel on level 8 of the Dungeon)
 v - a wand of polymorph (12)
   (You took it off Ijyb on level 4 of the Dungeon)
 x - a wand of acid (10)
   (You found it on level 10 of the Dungeon)
 L - a wand of charming (10)
   (You took it off Joseph on level 7 of the Dungeon)
 X - a wand of mindburst (2)
   (You found it on level 11 of the Dungeon)
Scrolls
 c - 2 scrolls of blinking
 g - 2 scrolls of immolation {!r}
 s - 3 scrolls of fear
 t - 2 scrolls of teleportation {@r4}
 w - 4 scrolls of summoning
 A - a scroll of poison {!r}
 E - 2 scrolls of noise {!r}
 F - a scroll of torment {unknown}
 H - a scroll of vulnerability {unknown}
 K - a scroll of fog
 M - a scroll of enchant armour {unknown}
Potions
 e - 4 potions of cancellation
 h - 3 potions of heal wounds {@q2}
 k - 4 potions of flight
 m - 6 potions of curing {@q1}
 n - a potion of ambrosia
 o - 4 potions of lignification {unknown}
 p - 4 potions of haste {@q3}
 q - 4 potions of might
 z - 3 potions of invisibility
 B - a potion of brilliance {unknown}
 D - 2 potions of mutation {unknown}
 T - 2 potions of attraction {unknown}
 W - 2 potions of magic {unknown}
 Y - a potion of degeneration {unknown}
Miscellaneous
 R - a condenser vane
   (You bought it in a shop on level 9 of the Dungeon)


   Skills:
 + Level 10.4 Fighting
 * Level 13.5(13.7) Axes
 - Level 3.4(9.4) Polearms
 + Level 4.6(6.6) Slings
 + Level 6.6(7.2) Throwing
 - Level 2.4 Armour
 - Level 2.1 Dodging
 + Level 7.3 Stealth
 + Level 6.8 Evocations


You had 10 spell levels left.
You didn't know any spells.
Your spell library was empty.

Dungeon Overview and Level Annotations

Branches:
Dungeon (11/15)            Temple (0/1) D:5            Lair (0/6) D:8
  Sewer (visited)          Bailey (visited)
    Orc: D:9-12

Altars:
Cheibriados
Dithmenos
Okawaru
Sif Muna
Xom
Zin

Shops:
D:9 *

Annotations:
D:6 2 transporters, DocClef's ghost, weakling GnDe


Innate Abilities, Weirdness & Mutations

You have a pair of horns on your head.
You reflexively headbutt those who attack you in melee.


Message History

You feel clever.
b - the +5 hunting sling of Eternal Vigilance (weapon)
{vorpal, rC- rCorr Int+4} You shoot a sling bullet.
The sling bullet hits the six-headed hydra.
You shoot a sling bullet.
The sling bullet hits the six-headed hydra.
a - the +5 war axe of Defiance (weapon)
{vorpal, rElec Will+ rCorr} You feel stronger.
You feel agile.
i - the +10 rapier "Lifebane" (weapon)
{vorpal, Str+3 Dex+6} You hit the six-headed hydra.
You headbutt the six-headed hydra. The six-headed hydra bites you!
The six-headed hydra bites you but does no damage.
The six-headed hydra bites you.
The six-headed hydra closely misses you.
The six-headed hydra bites you. x2
You puncture the six-headed hydra! The six-headed hydra bites you!
The six-headed hydra bites you.
The six-headed hydra bites you but does no damage.
The six-headed hydra bites you!
The six-headed hydra bites you but does no damage.
The six-headed hydra barely misses you.
You completely miss the six-headed hydra.
Your punch misses the six-headed hydra. The six-headed hydra bites you!
* * * LOW HITPOINT WARNING * * *
The six-headed hydra bites you but does no damage.
The six-headed hydra bites you.
* * * LOW HITPOINT WARNING * * *
The six-headed hydra bites you but does no damage. x3
A red film seems to cover your vision as you go berserk!
You feel yourself moving faster!
You feel mighty! The six-headed hydra bites you!
* * * LOW HITPOINT WARNING * * *
The six-headed hydra bites you but does no damage.
The six-headed hydra bites you!
* * * LOW HITPOINT WARNING * * *
The six-headed hydra bites you!
* * * LOW HITPOINT WARNING * * *
The six-headed hydra closely misses you.
The six-headed hydra bites you.
* * * LOW HITPOINT WARNING * * *
You puncture the six-headed hydra! The six-headed hydra bites you!
* * * LOW HITPOINT WARNING * * *
The six-headed hydra bites you.
* * * LOW HITPOINT WARNING * * *
The six-headed hydra closely misses you.
The six-headed hydra completely misses you.
The six-headed hydra closely misses you.
The six-headed hydra bites you but does no damage.
You hit the six-headed hydra. The six-headed hydra bites you!
You die...

.....#..##......# #...
....##............# #...
..................###...
... ..#.####..#........
#.##. ##..####......
#....####...###......:
##.....##...........##.
#....D.............####
#....>@..##........##..
##.......##............
#...###.............#.
#.... #............###
#... #####.......###.
#### ##......#.##..
#..##...#..#..
##....##...#..
#..####......


You could see a six-headed hydra.

Vanquished Creatures
  2 vault guards (Bailey)
  A boulder beetle (D:11)
  3 two-headed ogres
  Pikel (D:8)
  An ugly thing (D:11)
  Joseph (D:7)
  Maggie (D:8)
  A komodo dragon (D:11)
  Prince Ribbit (Bailey)
  6 humans (Bailey)
  2 wraiths
  3 wyverns
  13 yaks
  2 steam dragons (D:8)
  A basilisk (D:8)
  Menkaure (D:7)
  2 acid dragons
  5 water moccasins
  Duvessa (D:4)
  4 orc warriors
  5 ice beasts
  2 black bears
  A sky beast (D:6)
  3 lemures (D:8)
  A phantom (D:5)
  3 centaurs
  15 bullfrogs
  2 kobold brigands
  A necrophage (D:6)
  8 scorpions
  9 wights
  Dowan (D:4)
  A howler monkey (D:5)
  2 jellies
  3 hounds
  7 orc priests
  Ijyb (D:4)
  2 iguanas
  6 orc wizards
  2 gnolls
  4 river rats (Sewer)
  10 adders
  A shadow imp (D:5)
  An ufetubus (D:4)
  2 worms
  A dart slug (D:2)
  36 orcs
  5 endoplasms
  6 giant cockroaches
  15 goblins
  8 hobgoblins
  2 jackals (D:2)
  17 kobolds
  7 quokkas
  8 ball pythons
  10 bats
  8 frilled lizards
  13 rats
281 creatures vanquished.

Vanquished Creatures (others)
  10 fungi (D:8)
  15 plants (D:8)
25 creatures vanquished.

Grand Total: 306 creatures vanquished

Notes
Turn   | Place    | Note
-------+----------+-------------------------------------------
     0 | D:1      | Pooter the Minotaur Berserker began the quest for the Orb.
     0 | D:1      | Reached XP level 1. HP: 19/19 MP: 0/0
    95 | D:1      | Noticed an eye of devastation
    98 | D:1      | Found a faded altar of an unknown god.
    99 | D:1      | Noticed an eye of devastation
    99 | D:1      | Noticed an eye of devastation
    99 | D:1      | Noticed an eye of devastation
   173 | D:1      | Reached skill level 4 in Axes
   201 | D:1      | Reached XP level 2. HP: 27/27 MP: 1/1
   526 | D:1      | Reached skill level 1 in Stealth
   587 | D:1      | Reached skill level 1 in Polearms
   587 | D:1      | Reached XP level 3. HP: 33/33 MP: 2/2
   941 | D:2      | Reached ** piety under Trog
  1457 | D:3      | Reached XP level 4. HP: 36/41 MP: 3/3
  1470 | D:3      | Found a glowing drain.
  1479 | Sewer    | Entered a sewer
  1674 | Sewer    | Reached XP level 5. HP: 47/47 MP: 4/4
  1946 | D:3      | Identified the +5 war axe of Defiance {vorpal, rElec Will+
                  | rCorr}
  2088 | D:3      | Reached *** piety under Trog
  2401 | D:3      | Found a snail-covered altar of Cheibriados.
  2404 | D:3      | Found a shimmering altar of Xom.
  2512 | D:4      | Reached skill level 5 in Fighting
  2515 | D:4      | Noticed Ijyb
  2522 | D:4      | Killed Ijyb
  2592 | D:4      | Reached skill level 5 in Axes
  2592 | D:4      | Reached XP level 6. HP: 56/56 MP: 5/5
  2689 | D:4      | Reached skill level 1 in Evocations
  2698 | D:4      | Reached XP level 7. HP: 21/61 MP: 6/6
  2901 | D:4      | Noticed Duvessa
  2914 | D:4      | Noticed Dowan
  2920 | D:4      | Killed Duvessa
  2921 | D:4      | Reached skill level 6 in Axes
  2927 | D:4      | Killed Dowan
  3302 | D:5      | Entered Level 5 of the Dungeon
  3580 | D:5      | Reached skill level 7 in Axes
  3642 | D:5      | Found a staircase to the Ecumenical Temple.
  3667 | D:5      | Reached XP level 8. HP: 71/71 MP: 7/7
  4150 | D:5      | Reached skill level 1 in Throwing
  4493 | D:6      | Reached skill level 8 in Axes
  4751 | D:6      | Identified a scroll of acquirement
  4752 | D:6      | Acquired 966 gold pieces
  4757 | D:6      | Noticed a queen bee
  4826 | D:6      | Noticed DocClef's ghost (weakling GnDe)
  4899 | D:6      | Acquired 1170 gold pieces
  4952 | D:6      | Found a transporter.
  4960 | D:6      | Found a transporter.
  5116 | D:7      | Reached **** piety under Trog
  5154 | D:7      | Reached XP level 9. HP: 79/79 MP: 8/8
  5173 | D:7      | Reached skill level 9 in Axes
  5210 | D:7      | Noticed Menkaure
  5216 | D:7      | Killed Menkaure
  5270 | D:7      | Found a flagged portal.
  5289 | Bailey   | Entered a bailey
  5373 | Bailey   | Reached skill level 5 in Stealth
  5457 | Bailey   | Reached skill level 10 in Axes
  5484 | Bailey   | Reached XP level 10. HP: 34/90 MP: 9/9
  5541 | Bailey   | Noticed Prince Ribbit
  5543 | Bailey   | Noticed a vault guard
  5550 | Bailey   | Reached skill level 5 in Evocations
  5552 | Bailey   | Killed Prince Ribbit
  5556 | Bailey   | Killed a vault guard
  5557 | Bailey   | Reached skill level 11 in Axes
  5651 | Bailey   | Noticed a vault guard
  5662 | Bailey   | Killed a vault guard
  5762 | D:7      | Identified the +5 hunting sling of Eternal Vigilance
                  | {vorpal, rC- rCorr Int+4}
  6060 | D:7      | Noticed Joseph
  6070 | D:7      | Killed Joseph
  6071 | D:7      | Reached skill level 5 in Throwing
  6323 | D:8      | Noticed Maggie
  6333 | D:8      | Killed Maggie
  6334 | D:8      | Reached skill level 1 in Slings
  6458 | D:8      | Found a staircase to the Lair.
  6486 | D:8      | Reached skill level 12 in Axes
  6518 | D:8      | Reached XP level 11. HP: 97/97 MP: 10/10
  6726 | D:8      | You fall into a shaft and drop 1 floor!
  6869 | D:9      | Found a shimmering blue altar of Sif Muna.
  6884 | D:9      | Found Cidoipp's Commerce Corner.
  6892 | D:9      | Bought a potion of cancellation for 128 gold pieces
  6892 | D:9      | Bought a condenser vane for 640 gold pieces
  7501 | D:8      | Noticed Pikel
  7512 | D:8      | Killed Pikel
  7958 | D:9      | Found a glowing silver altar of Zin.
  8049 | D:9      | Found a shadowy altar of Dithmenos.
  8178 | D:10     | Entered Level 10 of the Dungeon
  8293 | D:10     | Noticed a two-headed ogre
  8301 | D:10     | Killed a two-headed ogre
  8302 | D:10     | Reached skill level 10 in Fighting
  8638 | D:10     | Noticed a two-headed ogre
  8646 | D:10     | Killed a two-headed ogre
  8647 | D:10     | Reached skill level 13 in Axes
  8680 | D:10     | Found an iron altar of Okawaru.
  9044 | D:11     | Identified the +10 rapier "Lifebane" {vorpal, Str+3 Dex+6}
  9089 | D:11     | Noticed a boulder beetle
  9102 | D:11     | Killed a boulder beetle
  9117 | D:11     | Noticed a purple ugly thing
  9131 | D:11     | Killed a purple ugly thing
  9299 | D:11     | Noticed a two-headed ogre
  9309 | D:11     | Killed a two-headed ogre
  9528 | D:11     | Noticed a six-headed hydra
  9539 | D:11     | Slain by a six-headed hydra

Illustrated notes

Levels and vault maps discovered:
D:1:      lemuel_arrival_muddy, layout_loops_ring,
          hellmonk_ecumenical_altar_watching_god
D:2:      layout_rooms, ebering_dispersal_statue_hall, dk_noncrumbling_3
D:3:      layout_basic, minitemple, serial_rivers,
          chequers_serial_rivers_micro_b, chequers_serial_rivers_micro_c,
          chequers_serial_rivers_micro_c, chequers_serial_rivers_micro_d,
          chequers_serial_rivers_micro_e, cheibrodos_sewer_entry_drain,
          minivault_27
D:4:      layout_layer_cave, uniq_ijyb, uniq_duvessa
D:5:      layout_layer_cave, minmay_temple_entry_arrows,
          minmay_tree_intersection
D:6:      layout_loops_ring, gammafunk_ghost_hive
D:7:      layout_basic, enter_bailey_3, uniq_joseph, uniq_menkaure
D:8:      old_forge, layout_gridville, minmay_lair_entry_grove, minivault_11,
          chequers_serial_rivers_micro_e, uniq_pikel, uniq_maggie
D:9:      layout_roguey, mainiacjoe_overflow_boulevard, lemuel_tele_altar,
          zin_statuary, nicolae_alphabet_shops
D:10:     layout_basic, nicolae_overflow_hidden_temple
D:11:     layout_cave_pools

Skill      XL: |  1  2  3  4  5  6  7  8  9 10 11 |
---------------+----------------------------------+-----
Axes           | 4 5 7 8 10 12 13 | 13.5
Fighting       | 4 5 6 7 8 9 10 | 10.4
Stealth        | 1 2 3 4 5 6 7 |  7.3
Polearms       | 1 2 3 |  3.4
Evocations     | 1 2 3 4 5 6 |  6.8
Throwing       | 2 4 5 6 |  6.6
Slings         | 2 4 |  4.6
Armour         | |  2.4
Dodging        | |  2.1

Action                   |  1- 3 |  4- 6 |  7- 9 | 10-12 || total
-------------------------+-------+-------+-------+-------++-------
Melee: Hand axe          |    11 |       |       |       ||    11
       Headbutt          |     7 |    16 |    31 |    43 ||    97
       Spear             |    60 |    62 |       |       ||   122
       Punch             |       |     2 |     2 |     1 ||     5
       War axe           |       |    36 |   158 |   217 ||   411
       Rapier            |       |       |       |     5 ||     5
 Fire: Hunting sling     |     6 |    36 |    46 |    69 ||   157
Throw: Stone             |    47 |     3 |       |       ||    50
       Boomerang         |       |     2 |     6 |    17 ||    25
Invok: Berserk           |     1 |     2 |     2 |     7 ||    12
       Trog's Hand       |       |     1 |     4 |     9 ||    14
Evoke: Wand              |       |     2 |     4 |     5 ||    11
  Use: Scroll            |     6 |     2 |     5 |    12 ||    25
       Potion            |       |       |       |     1 ||     1
 Stab: Sleeping          |     1 |       |       |       ||     1
       Paralysed         |       |       |       |     7 ||     7
Armor: Animal skin       |     7 |       |       |       ||     7
       Ring mail         |     1 |       |       |       ||     1
       Scale mail        |       |    26 |    25 |       ||    51
       Chain mail        |       |       |    35 |     2 ||    37
       Plate armour      |       |       |       |   111 ||   111
Dodge: Dodged            |    28 |    51 |    73 |    89 ||   241

Table legend: (Time is in decaauts)
 A = Elapsed time spent in this place.
 B = Non-inter-level travel time spent in this place.
 C = Inter-level travel time spent in this place.
 D = Time resting spent in this place.
 E = Time spent auto-exploring this place.
 F = Levels seen in this place.
 G = Mean time per level.
                   A        B        C        D        E       F      G
               +--------+--------+--------+--------+--------+-----+--------+
         Total |   9733 |   9543 |    190 |    894 |   6089 |  13 |  748.7 |
       Dungeon |   8811 |   8621 |    190 |    657 |   5790 |  11 |  801.0 |
         Sewer |    455 |    455 |      0 |      0 |    256 |   1 |  455.0 |
        Bailey |    466 |    466 |      0 |    236 |     43 |   1 |  466.0 |
               +--------+--------+--------+--------+--------+-----+--------+

Top non-repeatable levels by time:
     D:5: 1164 daAuts
     D:8: 971 daAuts
     D:9: 917 daAuts
    D:10: 865 daAuts
     D:1: 861 daAuts
     D:4: 832 daAuts
     D:7: 782 daAuts
     D:3: 718 daAuts
     D:6: 652 daAuts
     D:2: 540 daAuts
    D:11: 504 daAuts
  Bailey: 466 daAuts
   Sewer: 455 daAuts
